 Dungeon Crawl Stone Soup version 0.30-a0-29-g142975f185 (webtiles) character file.

Game seed: 12786339060134303151

67 xian the Trooper (level 4, -11/35 HPs)
             Began as a Demonspawn Fighter on Aug 26, 2022.
             Was a Follower of Yredelemnul.
             Killed by divine providence
             ... invoked by an orc priest
              (16 damage)
             ... on level 3 of the Dungeon.
             The game lasted 00:04:02 (1732 turns).

xian the Trooper (Demonspawn Fighter)               Turns: 1732, Time: 00:04:03

Health: -11/35     AC:  5    Str: 19    XL:     4   Next: 0%
Magic:  4/4        EV: 12    Int:  9    God:    Yredelemnul [*.....]
Gold:   83         SH:  4    Dex: 12    Spells: 3/3 levels left

rFire   . . .      SeeInvis .    a - +0 trident
rCold   . . .      Faith    .    c - +0 buckler
rNeg    . . .      Spirit   .    p - +0 ring mail of Greed {rElec}
rPois   .          Reflect  .    (helmet restricted)
rElec   +          Harm     .    (no cloak)
rCorr   .          Rampage  .    (no gloves)
Will    +....                    (no boots)
Stlth   +.........               (no amulet)
HPRegen 0.11/turn                n - ring of willpower
MPRegen 0.09/turn                (no ring)

@: no status effects
A: antennae 1, repulsion field 1
a: Renounce Religion, Recall Undead Harvest


You were on level 3 of the Dungeon.
You worshipped Yredelemnul.
Yredelemnul was noncommittal.
You visited 1 branch of the dungeon, and saw 3 of its levels.

You collected 83 gold pieces.

Inventory:

Hand Weapons
 a - a +0 trident (weapon)
Armour
 c - a +0 buckler (worn)
 p - the +0 ring mail of Greed (worn) {rElec}
   (You found it on level 3 of the Dungeon)

   rElec:     It insulates you from electricity.
Jewellery
 n - a ring of willpower (left hand)
Scrolls
 e - a scroll of silence {unknown}
 f - a scroll of identify {unknown}
 g - 2 scrolls of immolation {unknown}
 h - 4 scrolls of teleportation {unknown}
 j - a scroll of enchant weapon {unknown}
 l - a scroll of amnesia {unknown}
Potions
 d - a potion of might
 i - 4 potions of mutation {unknown}
 k - 2 potions of ambrosia {unknown}
 m - a potion of haste {unknown}
 o - a potion of curing {unknown}


   Skills:
 + Level 3.4 Fighting
 + Level 2.2 Polearms
 + Level 3.4 Armour
 + Level 0.5 Dodging
 + Level 3.0 Shields
 + Level 0.3 Invocations


You had 3 spell levels left.
You didn't know any spells.
Your spell library was empty.

Dungeon Overview and Level Annotations

Branches:
Dungeon (3/15)

Altars:
Yredelemnul


Innate Abilities, Weirdness & Mutations

You have a pair of small antennae on your head.
You are surrounded by a mild repulsion field. (EV +2)


Message History

The quokka attacks as you move away!
The quokka bites you but does no damage.
The bat hits you but does no damage.
You puncture the quokka!
You kill the quokka!
The dead are hopping!
The bat hits you but does no damage. The ball python bites you.
* * * LOW HITPOINT WARNING * * *
The ball python barely misses you.
Unknown command.
You hit the ball python.
You kill the ball python!
The dead are slithering!
The bat hits you but does no damage. The bat barely misses you.
Your adder zombie bites the bat.
The bat hits your ball python zombie.
The orc hits your ball python zombie with a +0 club.
The bat hits your adder zombie.
Your adder zombie bites the bat but does no damage.
Your quokka zombie barely misses the bat.
The orc barely misses your ball python zombie.
You closely miss the bat.
The bat is severely wounded.
The bat closely misses you.
Your adder zombie bites the bat.
The bat dies!
The orc hits your quokka zombie with a +0 club.
Your ball python zombie bites the orc.
Your ball python zombie grabs the orc.
Your ball python zombie constricts the orc.
Your adder zombie bites the orc.
Your quokka zombie bites the orc.
The orc dies!
The dead are walking!
You have reached level 4!
You feel stronger.
Your ball python zombie misses the orc priest.
Your ball python zombie closely misses the orc priest.
An orc priest is nearby!
Your quokka zombie barely misses the orc priest.
The orc priest calls down the wrath of Beogh upon you.
Beogh smites you!
You die...
Your body rises from the dead as a mindless zombie.

#. ..##.#..#..## #..
#.##.##.#..## ###..
#.##.##.#..## .....
##.##.##.#..##
###....###...#.##.#..##
.........Z........#..##
#..###o).....:.....##
#....ZZZ..?........##
#.##@.........#.##...
#.##....##.#.#####
#.##....##.#.# #
#.##.##.##.#.# #
#.##.##.##.#.# #
#.##....##.#.# #
#.#####.. . #.# #


You could see an orc priest (ally target), a friendly ball python zombie, a
friendly adder zombie, a friendly quokka zombie and a friendly orc zombie.

Vanquished Creatures
  2 adders
  4 dart slugs
  2 orcs (D:3)
  3 bats
  A giant cockroach (D:2)
  3 goblins
  3 hobgoblins
  A quokka (D:3)
  4 ball pythons
  A frilled lizard (D:1)
  3 kobolds (D:1)
  A rat (D:2)
28 creatures vanquished.

Vanquished Creatures (collateral kills)
  An orc (D:3)
  An endoplasm (D:2)
  A giant cockroach (D:2)
  2 goblins
  2 kobolds (D:2)
  A bat (D:3)
8 creatures vanquished.

Vanquished Creatures (others)
  A hobgoblin zombie (D:3)
  A rat zombie (D:2)
  3 fungi (D:1)
  2 plants (D:1)
7 creatures vanquished.

Grand Total: 43 creatures vanquished

Notes
Turn   | Place    | Note
-------+----------+-------------------------------------------
     0 | D:1      | xian the Demonspawn Fighter began the quest for the Orb.
     0 | D:1      | Reached XP level 1. HP: 18/18 MP: 1/1
   397 | D:1      | Gained mutation: You are surrounded by a mild repulsion
                  | field. (EV +2) [demonic ancestry]
   397 | D:1      | Reached XP level 2. HP: 24/24 MP: 2/2
   432 | D:1      | Found a faded altar of an unknown god.
   439 | D:1      | Prayed at the altar of an unknown god.
   439 | D:1      | Became a worshipper of Yredelemnul the Dark
   439 | D:1      | Reached * piety under Yredelemnul
   892 | D:2      | Gained mutation: You have a pair of small antennae on your
                  | head. [demonic ancestry]
   892 | D:2      | Reached XP level 3. HP: 23/29 MP: 3/3
  1428 | D:2      | Reached ** piety under Yredelemnul
  1551 | D:3      | Identified the +0 ring mail of Greed {rElec}
  1731 | D:3      | Reached XP level 4. HP: 5/35 MP: 4/4
  1732 | D:3      | Killed from afar by an orc priest

Illustrated notes

Levels and vault maps discovered:
D:1:      matt_arrival_los_fun, layout_basic,
          dreamdust_ecumenical_altar_hidden_monk_grotto
D:2:      layout_basic, hangedman_decor_growths
D:3:      layout_loops_ring

Skill      XL: |  1  2 |
---------------+-------+-----
Shields        | 3 |  3.0
Polearms       | 2 |  2.2
Armour         | 3 |  3.4
Fighting       | |  3.4
Dodging        | |  0.5
Invocations    | |  0.3

Action                   |  1- 3 |  4- 6 || total
-------------------------+-------+-------++-------
Melee: Trident           |    80 |       ||    80
Invok: Recall Undead Har |     2 |       ||     2
Armor: Scale mail        |    34 |       ||    34
       Ring mail         |    22 |       ||    22
Dodge: Dodged            |    70 |       ||    70
Block: Buckler           |    21 |       ||    21

Table legend: (Time is in decaauts)
 A = Elapsed time spent in this place.
 B = Non-inter-level travel time spent in this place.
 C = Inter-level travel time spent in this place.
 D = Time resting spent in this place.
 E = Time spent auto-exploring this place.
 F = Levels seen in this place.
 G = Mean time per level.
                   A        B        C        D        E       F      G
               +--------+--------+--------+--------+--------+-----+--------+
         Total |   1753 |   1720 |     33 |      0 |   1243 |   3 |  584.3 |
       Dungeon |   1753 |   1720 |     33 |      0 |   1243 |   3 |  584.3 |
               +--------+--------+--------+--------+--------+-----+--------+

Top non-repeatable levels by time:
     D:1: 840 daAuts
     D:2: 689 daAuts
     D:3: 223 daAuts
